 Dungeon Crawl Stone Soup version 0.27.0-1-g7a089689b8 (webtiles) character file.

Game seed: 15732587981112463595

8 SnakkuSnakku7 the Changer (level 2, -1/14 HPs)
             Began as a Spriggan Transmuter on Aug 14, 2021.
             Slain by a worm (9 damage)
             ... on level 2 of the Dungeon.
             The game lasted 00:00:53 (557 turns).

SnakkuSnakku7 the Changer (Spriggan Transmuter)      Turns: 557, Time: 00:00:53

Health: -1/14      AC:  2    Str:  6    XL:     2   Next: 0%
Magic:  6/6        EV: 17    Int: 14    God:
Gold:   27         SH:  0    Dex: 15    Spells: 5/6 levels left

rFire    . . .     SeeInvis +     - Unarmed
rCold    . . .     Faith    .   (shield restricted)
rNeg     . . .     Spirit   .   a - +0 robe
rPois    +         Reflect  .   (helmet currently unavailable)
rElec    .         Harm     .   (no cloak)
rCorr    .         Rampage  .   (gloves unavailable)
Will     .....                  (boots unavailable)
Stlth    +.........             (no amulet)
HPRegen  0.04/turn              b - ring of poison resistance
MPRegen  0.10/turn              (no ring)

@: appendages (expiring), very quick
A: horns 2, talons 2, very small, no large weapons, unfitting armour, see
invisible, speed 3
a: End Transformation


You were on level 2 of the Dungeon.
You had temporarily grown beastly horns and talons.
You visited 1 branch of the dungeon, and saw 2 of its levels.

You collected 27 gold pieces.

Inventory:

Armour
 a - a +0 robe (worn)
Jewellery
 b - a ring of poison resistance (left hand)
Scrolls
 c - a scroll of enchant weapon {unknown}
 d - a scroll of teleportation {unknown}
 e - a scroll of noise {unknown}


   Skills:
 - Level 0.7 Fighting
 - Level 2.6 Dodging
 - Level 2.4 Unarmed Combat
 - Level 2.6 Spellcasting
 + Level 3.7 Transmutations


You had 5 spell levels left.
You knew the following spells:

 Your Spells              Type           Power      Damage    Failure   Level
a - Beastly Appendage     Tmut           24%        N/A       4%          1

Your spell library contained the following spells:

 Spells                   Type           Power      Damage    Failure   Level
 Wereblood                Tmut           12%        N/A       7%          2
 Spider Form              Tmut/Pois      3%         N/A       30%         3
 Ice Form                 Ice/Tmut       7%         N/A       71%         4


Dungeon Overview and Level Annotations

Branches:
Dungeon (2/15)

Altars:


Innate Abilities, Weirdness & Mutations

You have temporarily grown beastly horns and talons.
You are very small and have problems with some larger weapons.
You are too small for most types of armour.
You have supernaturally acute eyesight. (SInv)
You cover ground extremely quickly. (Speed+++)


Message History

You hit the ball python.
You kill the ball python!
You have reached level 2!
Your transformation is almost over.
You start resting.
Your horns disappear.
Your talons disappear.
You now have 27 gold pieces (gained 13).
You start resting.
Magic restored.
Found a robe.
A worm comes into view.
A worm is nearby!
A worm is nearby!
You start resting.
A worm is nearby!
A worm is nearby!
A worm is nearby!
Casting: Beastly Appendage (safe; 4% risk of failure)
Confirm with . or Enter, or press ? or * to list all spells.
You grow a pair of large bovine horns.
Your feet morph into talons.
You barely miss the worm. The worm misses you.
You hit the worm but do no damage. You headbutt the worm.
The worm is lightly wounded.
You completely miss the worm.
The worm is lightly wounded.
Your transformation is almost over.
The worm bites you.
You hit the worm but do no damage. You hit the worm. You claw the worm.
Your headbutt misses the worm.
The worm is moderately wounded.
The worm barely misses you.
You hit the worm.
The worm is moderately wounded.
The worm misses you.
You hit the worm. You claw the worm.
The worm is heavily wounded.
You hit the worm but do no damage.
The worm is heavily wounded.
The worm bites you!
Ouch! That really hurt!
You die...

######## #...[..#
#.####.# ##########
#....#.#
#........###..#...####
###.###.w......###......
#......@##.###..#...###.
#.#.....##.##.....#.# #.
#....###.###.††##.# #.
#..#.# #.# #......# #.
#..#.# #w# ##.##### #.
#..... ..# #.# #.
##.#.#### #'# #. #.#.#
.. #. ....# .. #.


You could see a worm.

Vanquished Creatures
  A ball python (D:2)
  A giant cockroach (D:1)
  3 hobgoblins
  A bat (D:2)
  A frilled lizard (D:1)
7 creatures vanquished.

Notes
Turn   | Place    | Note
-------+----------+-------------------------------------------
     0 | D:1      | SnakkuSnakku7 the Spriggan Transmuter began the quest for
                  | the Orb.
     0 | D:1      | Reached XP level 1. HP: 9/9 MP: 5/5
   134 | D:1      | Reached skill level 3 in Transmutations
   503 | D:2      | Reached XP level 2. HP: 9/14 MP: 4/6
   557 | D:2      | Slain by a worm

Illustrated notes

Levels and vault maps discovered:
D:1:      evilmike_arrival_home_sweet_home, layout_basic,
          ebering_ecumenical_altar_rust, serial_forest,
          infiniplex_forest_straight_2, infiniplex_forest_clump_small,
          infiniplex_forest_lined_room_, infiniplex_forest_lined_3,
          infiniplex_forest_lined_3_way, infiniplex_forest_straight_2,
          infiniplex_forest_side_room, infiniplex_forest_lined_1,
          infiniplex_forest_end_2
D:2:      layout_loops_corners

Skill      XL: |  1 |
---------------+----+-----
Transmutations | 3 |  3.7
Fighting       | |  0.7
Dodging        | |  2.6
Unarmed Combat | |  2.4
Spellcasting   | |  2.6

Action                   || total
-------------------------++-------
Melee: Unarmed           ||    46
       Headbutt          ||     4
       Kick              ||     3
 Cast: Beastly Appendage ||     6
Armor: Robe              ||     4
Dodge: Dodged            ||    50
